 Dungeon Crawl Stone Soup version 0.19.0-2-gae57169 (webtiles) character file.

634 LORDOFBUTT the Shield-Bearer (level 7, 0/62 HPs)
             Began as a Minotaur Fighter on Nov 5, 2016.
             Slain by Lordarticus's ghost (22 damage)
             ... on level 4 of the Dungeon.
             The game lasted 00:05:19 (2944 turns).

LORDOFBUTT the Shield-Bearer (Minotaur Fighter)     Turns: 2944, Time: 00:05:20

Health: 0/62       AC:  9    Str: 22    XL:     7   Next: 25%
Magic:  6/6        EV:  8    Int:  5    God:
Gold:   94         SH: 10    Dex: 10    Spells: 0 memorised, 6 levels left

rFire  . . .     SeeInvis .     g - +0 broad axe
rCold  . . .     Gourm    .     b - +0 scale mail
rNeg   . . .     Faith    .     c - +0 shield
rPois  .         Spirit   .     (helmet restricted)
rElec  .         Reflect  .     (no cloak)
rCorr  .         Harm     +     k - +1 pair of gloves
MR     .....                    (no boots)
Stlth  ..........               l - amulet of harm
                                (no ring)
                                q - ring of loudness (curse)

@: no status effects
A: retaliatory headbutt, horns 2
a: no special abilities


You were on level 4 of the Dungeon.
You were not hungry.

You visited 1 branch of the dungeon, and saw 4 of its levels.

You collected 94 gold pieces.

Inventory:

Hand Weapons
 g - a +0 broad axe (weapon)
Armour
 b - a +0 scale mail (worn)
 c - a +0 shield (worn)
 k - a +1 pair of gloves (worn)
Jewellery
 l - an amulet of harm (around neck)
 q - a cursed ring of loudness (left hand)
Wands
 n - a wand of confusion (26/48)
Scrolls
 a - a scroll of remove curse {unknown}
 p - a scroll of recharging {unknown}
Potions
 e - a potion of curing
 i - a potion of magic
 j - a potion of haste {unknown}
 m - a potion of ambrosia
 o - a potion of lignification {unknown}
Books
 d - a book of Cantrips

   Spells                             Type                      Level
   a - Confusing Touch                Hexes                        1
   b - Animate Skeleton               Necromancy                   1
   c - Summon Small Mammal            Summoning                    1
   d - Apportation                    Translocation                1
 r - a book of Frost

   Spells                             Type                      Level
   a - Freeze                         Ice                          1
   b - Throw Frost                    Conjuration/Ice              2
   c - Ozocubu's Armour               Charms/Ice                   3
   d - Throw Icicle                   Conjuration/Ice              4
   e - Summon Ice Beast               Ice/Summoning                4
Comestibles
 f - 3 bread rations
 h - 2 meat rations


   Skills:
 * Level 5.8 Fighting
 * Level 4.9 Axes
 * Level 5.8 Armour
 - Level 0.4 Dodging
 * Level 6.0 Shields
 + Level 1.1 Evocations


You had 6 spell levels left.
You didn't know any spells.

Dungeon Overview and Level Annotations

Branches:
Dungeon (4/15)
 Temple: D:4-7

Altars:
Elyvilon
Yredelemnul

Shops:
D:4 [

Annotations:
D:4 Lordarticus's ghost, amateur MfAK


Innate Abilities, Weirdness & Mutations

You reflexively headbutt those who attack you in melee.
You have a pair of horns on your head.


Message History

The hobgoblin barely misses you.
There are monsters nearby!
You slice the hobgoblin!!
You kill the hobgoblin!
You miss Lordarticus's ghost. You block Lordarticus's ghost's attack.
Lordarticus's ghost hits you!
You closely miss Lordarticus's ghost. Lordarticus's ghost hits you!
You miss Lordarticus's ghost.
Your headbutt misses Lordarticus's ghost.
You block Lordarticus's ghost's attack. Lordarticus's ghost hits you!!
* * * LOW HITPOINT WARNING * * *
You are too injured to fight recklessly!
Lordarticus's ghost shouts, "You must not fail where I succeeded!"
Lordarticus's ghost hits you but does no damage.
You see here a scale mail.
Okay, then.
Okay, then.
Lordarticus's ghost says, "One skewered Minotaur, coming right up."
Lordarticus's ghost hits you!!
You die...

# ######### # ### #.......#
##### #.. #.#####.# ....#
#.###########.# #.# ###.#
#.#...W.....#.#####.#
###.########.#.#@#####.#.....#.#
.......)........>..# #.#####.#.#
###.#.######.#.###.# #.# #)#.#
#.#.# #.#.###.# #.# #.#.#
#.#.######.#.....# #.# #.#.#
#..........####### #.# #.#.#
#####.######## #.# ..#.#
........# #.# .<#.# #####.#.#
#.#######.#


You could see Lordarticus's ghost.

Vanquished Creatures
  A phantom (D:4)
  3 ogres (D:4)
  A hound (D:4)
  A centaur skeleton (D:4)
  An iguana (D:4)
  Terence (D:2)
  2 worker ants (D:4)
  4 gnolls (D:3)
  2 adders
  2 worms
  A dart slug (D:3)
  3 leopard geckos
  3 orcs (D:3)
  2 bats (D:2)
  3 giant cockroaches (D:3)
  14 goblins
  10 hobgoblins
  5 jackals
  6 kobolds
  2 quokkas (D:4)
  3 frilled lizards
  2 gnoll zombies (D:2)
  5 rats
77 creatures vanquished.

Notes
Turn   | Place    | Note
-------+----------+-------------------------------------------
     0 | D:1      | LORDOFBUTT the Minotaur Fighter began the quest for the Orb.
     0 | D:1      | Reached XP level 1. HP: 19/19 MP: 0/0
   292 | D:1      | Reached XP level 2. HP: 26/27 MP: 1/1
   948 | D:2      | Reached XP level 3. HP: 33/33 MP: 2/2
  1042 | D:2      | Reached skill level 4 in Shields
  1098 | D:2      | Noticed Terence
  1109 | D:2      | Killed Terence
  1445 | D:2      | Reached XP level 4. HP: 41/41 MP: 3/3
  1887 | D:2      | Found a basalt altar of Yredelemnul.
  2023 | D:3      | Reached XP level 5. HP: 23/47 MP: 4/4
  2260 | D:3      | Found a white marble altar of Elyvilon.
  2378 | D:4      | Noticed a phantom
  2404 | D:4      | Killed a phantom
  2404 | D:4      | Reached skill level 5 in Fighting
  2404 | D:4      | Reached skill level 5 in Armour
  2404 | D:4      | Reached skill level 5 in Shields
  2436 | D:4      | Reached XP level 6. HP: 51/56 MP: 5/5
  2449 | D:4      | Found Nilekios's Antique Armour Boutique.
  2547 | D:4      | Reached skill level 1 in Evocations
  2561 | D:4      | Reached XP level 7. HP: 8/61 MP: 6/6
  2820 | D:4      | Reached skill level 6 in Shields
  2892 | D:4      | Noticed Lordarticus's ghost (amateur MfAK)
  2944 | D:4      | Slain by Lordarticus's ghost

Skill      XL: |  1  2  3  4  5  6  7 |
---------------+----------------------+-----
Armour         | 4 5 |  5.8
Fighting       | 4 5 |  5.8
Shields        | 4 5 6 |  6.0
Axes           | 3 4 |  4.9
Evocations     | 1 |  1.1
Dodging        | |  0.4

Action                   |  1- 3 |  4- 6 |  7- 9 || total
-------------------------+-------+-------+-------++-------
Melee: War axe           |    78 |   114 |       ||   192
       Headbutt          |    11 |    26 |       ||    37
       Broad axe         |       |    17 |     7 ||    24
Throw: Stone             |    19 |       |       ||    19
  Use: Potion            |     1 |     1 |       ||     2
       Scroll            |       |     5 |       ||     5
  Eat: Bread ration      |     1 |       |     1 ||     2
       Fruit             |     1 |       |       ||     1
Armor: Scale mail        |    35 |    43 |     1 ||    79
Dodge: Dodged            |    18 |    47 |     2 ||    67
Block: Shield            |    47 |    61 |     2 ||   110
